 Dungeon Crawl Stone Soup version 0.21.1-1-g345015f (webtiles) character file.

156 Figureslego113 the Slasher (level 5, -4/41 HPs)
             Began as a Barachi Fighter on July 20, 2018.
             Slain by a gnoll
             ... wielding a +0 spear
              (9 damage)
             ... on level 3 of the Dungeon.
             The game lasted 00:07:00 (1981 turns).

Figureslego113 the Slasher (Barachi Fighter)        Turns: 1981, Time: 00:07:00

Health: -4/41      AC:  8    Str: 19    XL:     5   Next: 37%
Magic:  5/5        EV:  7    Int:  8    God:
Gold:   114        SH:  9    Dex: 11    Spells: 4/4 levels left

rFire    + . .     SeeInvis .   s - -1 falchion (curse)
rCold    . . .     Gourm    .   c - +0 shield
rNeg     . . .     Faith    .   b - +0 scale mail
rPois    .         Spirit   .   (no helmet)
rElec    .         Reflect  .   (no cloak)
rCorr    .         Harm     +   r - +0 pair of gloves
MR       .....                  (no boots)
Stlth    ..........             n - amulet of harm
HPRegen  0.13/turn              o - ring of protection from fire
MPRegen  0.09/turn              (no ring)

@: slow
A: +LOS, swims, slowness 1, strong legs 1
a: Hop


You were on level 3 of the Dungeon.
You were hungry.

You visited 1 branch of the dungeon, and saw 3 of its levels.

You collected 114 gold pieces.

Inventory:

Hand Weapons
 a - a +1 long sword
 s - a cursed -1 falchion (weapon)
Armour
 b - a +0 scale mail (worn)
 c - a +0 shield (worn)
 r - a +0 pair of gloves (worn)
Jewellery
 n - an amulet of harm (around neck)
 o - a ring of protection from fire (left hand)
Scrolls
 e - a scroll of teleportation
 j - 2 scrolls of fog
 k - a scroll of identify
Potions
 d - 2 potions of might
Comestibles
 f - 7 rations


   Skills:
 - Level 3.6 Fighting
 + Level 6.2 Long Blades
 - Level 3.6 Armour
 - Level 1.3 Dodging
 - Level 3.2 Shields


You had 4 spell levels left.
You didn't know any spells.

Dungeon Overview and Level Annotations

Branches:
Dungeon (3/15)

Altars:
Hepliaklqana
Wu Jian


Innate Abilities, Weirdness & Mutations

Shadows flee at your approach. (+LOS)
You can swim through water.
You cover ground slowly.
You can hop short distances.


Message History

You hit the gnoll but do no damage.
The gnoll is heavily wounded.
You feel a little less clever now. You block the gnoll's attack.
You hit the gnoll but do no damage.
The gnoll is heavily wounded.
You block the gnoll's attack.
You hit the gnoll.
The gnoll is heavily wounded.
The gnoll hits you but does no damage. x2
You hit the gnoll.
The gnoll is almost dead.
The gnoll hits you but does no damage.
You hit the gnoll but do no damage.
The gnoll is almost dead.
The gnoll closely misses you.
You closely miss the gnoll.
The gnoll is almost dead.
The gnoll hits you with a spear!
You die...

#########
#....@g.#
#.#####.# #...#
# #.#.#
###.########
#.##.....###.
#.##.........
#.##.........
#...............


You could see a gnoll.

Vanquished Creatures
  An orc priest (D:3)
  An orc wizard (D:3)
  An adder (D:2)
  A gnoll (D:3)
  4 dart slugs
  3 leopard geckos
  10 orcs (D:3)
  5 bats
  5 giant cockroaches
  2 goblins
  6 hobgoblins
  2 jackals (D:3)
  2 quokkas (D:2)
  A frilled lizard (D:1)
  5 kobolds
  5 rats
54 creatures vanquished.

Notes
Turn   | Place    | Note
-------+----------+-------------------------------------------
     0 | D:1      | Figureslego113 the Barachi Fighter began the quest for the Orb.
     0 | D:1      | Reached XP level 1. HP: 18/18 MP: 1/1
    62 | D:1      | Reached skill level 3 in Long Blades
    68 | D:1      | Reached XP level 2. HP: 24/24 MP: 2/2
   334 | D:1      | Reached XP level 3. HP: 29/29 MP: 3/3
   349 | D:1      | Reached skill level 4 in Long Blades
   377 | D:1      | Reached skill level 1 in Dodging
   989 | D:2      | Found a hazy altar of Hepliaklqana.
  1290 | D:3      | Reached XP level 4. HP: 36/36 MP: 4/4
  1325 | D:3      | Found an ornate altar of the Wu Jian Council.
  1338 | D:3      | Reached skill level 5 in Long Blades
  1651 | D:3      | Reached XP level 5. HP: 29/41 MP: 5/5
  1665 | D:3      | Reached skill level 6 in Long Blades
  1981 | D:3      | Slain by a gnoll

Skill      XL: |  1  2  3  4  5 |
---------------+----------------+-----
Long Blades    | 3 4 5 6 |  6.2
Dodging        | 1 |  1.3
Fighting       | |  3.6
Armour         | |  3.6
Shields        | |  3.2

Action                   |  1- 3 |  4- 6 || total
-------------------------+-------+-------++-------
Melee: Long sword        |   108 |    58 ||   166
       Falchion          |       |    28 ||    28
  Use: Scroll            |       |     6 ||     6
       Potion            |       |     4 ||     4
  Eat: Chunk             |     1 |     3 ||     4
Armor: Scale mail        |    46 |    16 ||    62
       Skin              |       |    41 ||    41
Dodge: Dodged            |    37 |    16 ||    53
Block: Shield            |    62 |    43 ||   105
       Rpst.: Long sword |    11 |     3 ||    14
       Falchion          |       |     1 ||     1
